 Dungeon Crawl Stone Soup version 0.30-a0-1018-g25214051b3 (webtiles) character file.

Game seed: 17487817754980977816

10457 Kauriferous the Cleaver (level 11, -2/150 HPs)
             Began as a Minotaur Fighter on Apr 7, 2023.
             Was an Elder of Okawaru.
             Slain by a black mamba (13 damage)
             ... on level 2 of the Lair of Beasts.
             The game lasted 00:49:56 (9638 turns).

Kauriferous the Cleaver (Minotaur Fighter)          Turns: 9638, Time: 00:49:57

Health: -2/150     AC: 25    Str: 28    XL:     11   Next: 36%
Magic:  13/13      EV:  2    Int:  5    God:    Okawaru [****..]
Gold:   490        SH: 11    Dex: 11    Spells: 10/10 levels left

rFire   . . .      SeeInvis .    r - +0 war axe (freeze)
rCold   . . .      Faith    .    c - +0 buckler
rNeg    + + +      Spirit   .    b - melded +0 scale mail
rPois   +          Reflect  +    (helmet currently unavailable)
rElec   .          Rampage  .    G - melded +0 cloak
rCorr   .          NoTele   +    t - melded +0 pair of gloves
Will    +....                    (boots currently unavailable)
Stlth   +                        a - amulet of Ignis's Fury {Reflect Drain rN+++ Str+4 SH+5}
HPRegen 0.45/turn                s - ring of poison resistance
MPRegen 0.13/turn                g - ring of willpower

@: tree-form, invisible
A: stationary, stasis, torment immunity, boosted hp, (horns 2), (retaliatory
headbutt)
a: Renounce Religion, Heroism, Finesse


You were on level 2 of the Lair of Beasts.
You worshipped Okawaru.
Okawaru was greatly pleased with you.
You were a tree.
You visited 3 branches of the dungeon, and saw 11 of its levels.

You collected 490 gold pieces.

Inventory:

Hand Weapons
 r - a +0 war axe of freezing (weapon)
 L - a +0 war axe
Missiles
 d - a throwing net
 w - 20 poisoned darts (quivered)
 J - 2 boomerangs
 N - 4 javelins
Armour
 b - a +0 scale mail (melded)
 c - a +0 buckler (worn)
 t - a +0 pair of gloves (melded)
 G - a +0 cloak (melded)
Jewellery
 a - the amulet of Ignis's Fury (around neck) {Reflect Drain rN+++ Str+4 SH+5}
   (You took it off an orc on level 7 of the Dungeon)

   [amulet of reflection]

   It reflects blocked missile attacks.
   Str:       It affects your strength (+4).
   rN:        It renders you almost immune to negative energy.
   Drain:     It drains your maximum health when unequipped.
   SH:        It affects your SH (+5).
 g - a ring of willpower (right branch)
 s - a ring of poison resistance (left branch)
 y - an amulet of faith
 E - a ring of magical power
 I - a +6 ring of intelligence
 O - a +6 ring of dexterity
 Q - an amulet of regeneration
Wands
 j - a wand of flame (1)
 F - a wand of roots (7)
Scrolls
 h - a scroll of blinking
 i - a scroll of enchant armour {unknown}
 l - 3 scrolls of teleportation
 m - a scroll of enchant weapon {unknown}
 o - a scroll of fear {unknown}
 p - a scroll of magic mapping {unknown}
 q - a scroll of noise {unknown}
 x - a scroll of amnesia {unknown}
 H - a scroll of immolation {unknown}
 K - 2 scrolls of poison
Potions
 e - 7 potions of curing
 v - a potion of mutation
 z - a potion of cancellation
 A - a potion of magic
 B - a potion of flight {unknown}
 C - 3 potions of degeneration
 D - a potion of might
 P - a potion of attraction {unknown}
Miscellaneous
 u - a piece from Xom's chessboard (15/15)


   Skills:
 + Level 10.2 Fighting
 * Level 12.9 Axes
 - Level 3.8 Throwing
 + Level 10.2 Armour
 + Level 10.2 Shields
 + Level 4.1 Invocations


You had 10 spell levels left.
You didn't know any spells.
Your spell library contained the following spells:

 Spells                   Type           Power      Damage    Failure   Level
 Lesser Beckoning         Tloc           0%         N/A       67%         2
 Gell's Gravitas          Tloc           0%         N/A       88%         3
 Teleport Other           Tloc           0%         N/A       88%         3


Dungeon Overview and Level Annotations

Branches:
Dungeon (8/15)             Temple (1/1) D:5            Lair (2/5) D:8
  Swamp: Lair:2-3    Shoals: Lair:2-3     Snake: Lair:2-3    Spider: Lair:2-3

Altars:
Ashenzari
Cheibriados
Dithmenos
Fedhas
Gozag
Hepliaklqana
Kikubaaqudgha
Makhleb
Nemelex Xobeh
Okawaru
Qazlal
Trog
Uskayaw
Vehumet
Wu Jian
Xom
Yredelemnul
The Shining One

Shops:
D:3 [

Annotations:
Lair:1 Gastronok


Innate Abilities, Weirdness & Mutations

You are a tree.
Your roots penetrate the ground, keeping you stationary.
You cannot be teleported.
You are immune to unholy pain and torment.
Your maximum health is greatly increased.
Your equipment is partially melded.
((You have a pair of horns on your head.))
((You reflexively headbutt those who attack you in melee.))


Message History

You hit the hell rat but do no damage. You closely miss the black mamba.
You hit the yak. You freeze the yak.
The cane toad is no longer moving slowly.
The black mamba bites you.
* * * LOW HITPOINT WARNING * * *
You block the hell rat's attack. The yak gores you but does no damage.
The cane toad stings you but does no damage.
The black mamba bites you but does no damage.
As you read the scroll of torment, it crumbles to dust.
You feel a surge of unholy energy.
The cane toad convulses!
The bullfrog convulses!
The yak convulses!
The black mamba convulses!
The bullfrog convulses!
The yak convulses!
You block the hell rat's attack. The black mamba bites you.
* * * LOW HITPOINT WARNING * * *
You are poisoned.
The black mamba poisons you! You block the cane toad's attack.
The yak gores you but does no damage.
The hell rat bites you but does no damage.
The black mamba bites you!
* * * LOW HITPOINT WARNING * * *
You fade into invisibility!
You feel very sick.
The cane toad stings you but does no damage.
The black mamba bites you but does no damage.
The yak gores you but does no damage.
The hell rat bites you but does no damage.
Unknown command.
You feel sick.
The black mamba bites you but does no damage.
You block the cane toad's attack. The yak gores you but does no damage.
The black mamba bites you but does no damage.
The hell rat bites you but does no damage.
The cane toad stings you but does no damage.
You feel sick. The black mamba bites you!
* * * LOW HITPOINT WARNING * * *
You block the hell rat's attack. The yak gores you but does no damage.
You block the black mamba's attack.
The cane toad stings you but does no damage.
You feel better. The black mamba bites you!
You die...

####..##
##.P....##
#P.......#
##......###
#####.........#
##.#.#.#.....<##
#.F...........#
##S#.#.#.l....#
#r♣FF..........#
##Y#.#.#....#.YP
#.Y.........#.S.
..#.#.#.##..###...
......#####.## l..
.# P.. .. ### ##


You could see a komodo dragon (wandering, unable to see you), a black mamba
(unable to see you), 2 yaks, a cane toad (unable to see you), 2 bullfrogs and a
hell rat (unable to see you).

Vanquished Creatures
  2 black mambas
  3 cane toads (Lair:1)
  A komodo dragon (Lair:1)
  A kobold demonologist (D:8)
  3 blink frogs (Lair:1)
  A wraith (D:6)
  A wyvern (D:7)
  A yak (Lair:2)
  2 basilisks (Lair:1)
  2 water moccasins (Lair:1)
  An ice beast (D:6)
  An orc warrior (D:8)
  4 black bears
  2 ogres (D:6)
  A centaur (D:7)
  2 kobold brigands (D:8)
  2 phantoms
  3 bullfrogs
  5 scorpions
  2 quasits (D:7)
  3 hounds
  5 jellies
  2 orc priests
  Crazy Yiuf (D:6)
  A sleepcap (D:5)
  A gnoll bouda (D:6)
  3 iguanas (D:5)
  5 orc wizards
  3 hell rats
  A mummy (D:8)
  3 gnolls (D:6)
  5 adders
  2 shadow imps
  4 white imps (D:7)
  6 ufetubi
  2 worms (D:3)
  3 dart slugs
  31 orcs
  5 endoplasms
  3 giant cockroaches
  4 goblins
  9 hobgoblins
  4 quokkas
  7 ball pythons
  6 bats
  6 frilled lizards
  13 kobolds
  2 rats
180 creatures vanquished.

Vanquished Creatures (others)
  2 demonic plants (D:7)
  4 fungi (Lair:2)
  3 plants
9 creatures vanquished.

Grand Total: 189 creatures vanquished

Notes
Turn   | Place    | Note
-------+----------+-------------------------------------------
     0 | D:1      | Kauriferous the Minotaur Fighter began the quest for the
                  | Orb.
     0 | D:1      | Reached XP level 1. HP: 19/19 MP: 0/0
   100 | D:1      | Reached XP level 2. HP: 27/27 MP: 1/1
   780 | D:2      | Reached skill level 3 in Axes
   803 | D:2      | Reached XP level 3. HP: 33/33 MP: 2/2
  1497 | D:2      | Reached XP level 4. HP: 40/40 MP: 3/3
  1981 | D:3      | Found Weloer Fimoc's Armour Shop.
  2511 | D:4      | Noticed a black bear
  2664 | D:4      | Noticed a phantom
  2682 | D:4      | Killed a phantom
  2683 | D:4      | Reached XP level 5. HP: 37/47 MP: 4/4
  2734 | D:4      | Reached skill level 4 in Axes
  2734 | D:4      | Reached skill level 5 in Shields
  2887 | D:4      | Found a hide-covered altar of Uskayaw.
  3006 | D:4      | Reached skill level 5 in Armour
  3037 | D:4      | Reached skill level 5 in Fighting
  3198 | D:4      | Found a transporter.
  3215 | D:4      | Found a transporter.
  3230 | D:4      | Reached XP level 6. HP: 53/56 MP: 5/5
  3795 | D:4      | Reached skill level 5 in Axes
  3945 | D:4      | Reached XP level 7. HP: 62/62 MP: 6/6
  3984 | D:5      | Entered Level 5 of the Dungeon
  4280 | D:5      | Found a staircase to the Ecumenical Temple.
  4305 | Temple   | Entered the Ecumenical Temple
  4312 | Temple   | Became a worshipper of Warmaster Okawaru
  5227 | D:6      | Reached skill level 6 in Axes
  5270 | D:6      | Noticed a wraith
  5291 | D:6      | Killed a wraith
  5292 | D:6      | Reached XP level 8. HP: 13/71 MP: 7/7
  5504 | D:6      | Found a stormy altar of Qazlal.
  5553 | D:6      | Reached * piety under Okawaru
  5554 | D:6      | Reached skill level 7 in Axes
  5943 | D:6      | Found a runed translucent door.
  5944 | D:6      | Noticed Crazy Yiuf
  5950 | D:6      | Killed Crazy Yiuf
  6400 | D:7      | Reached skill level 8 in Axes
  6563 | D:7      | Reached ** piety under Okawaru
  6606 | D:7      | Reached skill level 1 in Invocations
  6606 | D:7      | Reached XP level 9. HP: 79/79 MP: 8/8
  6608 | D:7      | Found a blossoming altar of Fedhas.
  7119 | D:7      | Identified the amulet of Ignis's Fury {Reflect Drain rN+++
                  | Str+4 SH+5}
  7334 | D:8      | Reached skill level 9 in Axes
  7565 | D:8      | Found a staircase to the Lair.
  8002 | D:8      | Noticed a kobold demonologist
  8013 | D:8      | Killed a kobold demonologist
  8831 | Lair:1   | Entered Level 1 of the Lair of Beasts
  8844 | Lair:1   | Reached *** piety under Okawaru
  8853 | Lair:1   | Reached skill level 10 in Axes
  8901 | Lair:1   | Found a hazy altar of Hepliaklqana.
  8914 | Lair:1   | Noticed a black mamba
  8926 | Lair:1   | Killed a black mamba
  8982 | Lair:1   | Noticed a cane toad
  8986 | Lair:1   | Noticed a cane toad
  8988 | Lair:1   | Killed a cane toad
  8988 | Lair:1   | Reached **** piety under Okawaru
  8989 | Lair:1   | Reached XP level 10. HP: 90/90 MP: 11/11
  8995 | Lair:1   | Killed a cane toad
  9052 | Lair:1   | Reached skill level 12 in Axes
  9052 | Lair:1   | Reached skill level 10 in Armour
  9052 | Lair:1   | Reached skill level 10 in Shields
  9052 | Lair:1   | Reached XP level 11. HP: 99/99 MP: 12/12
  9075 | Lair:1   | Reached skill level 10 in Fighting
  9368 | Lair:1   | Noticed Gastronok
  9637 | Lair:2   | HP: 5/150 [black mamba (9)]
  9638 | Lair:2   | Slain by a black mamba

Illustrated notes

Levels and vault maps discovered:
D:1:      beargit_arrival_greenhouse, layout_basic
D:2:      layout_loops_cross
D:3:      layout_basic, serial_shops, shop
D:4:      layout_basic, gammafunk_temple_overflow_arena
D:5:      layout_layer_cave, minmay_temple_entry_junction_2
D:6:      layout_basic, nicolae_qazlal_scattered_showers,
          hangedman_decor_slide_cut, uniq_crazy_yiuf_cottage
D:7:      layout_basic, fedhas_bush_and_centaur_altar, serial_demonic,
          serial_demonic_f, serial_demonic_b, serial_demonic_d,
          serial_demonic_a, chequers_serial_rivers_micro_a
D:8:      layout_basic, lair_entry_dummy, gup_ossuary_entry_pyramid
Temple:   eino_temple_lava
Lair:1:   layout_cave_shapes, gammafunk_ghost_grave, basic_altar,
          small_statue_intersection, uniq_gastronok
Lair:2:   layout_cave_pods, palyth_hydra_swamp_entry, st_stairs_8,
          chequers_serial_rivers_small_a, uniq_nergalle

Skill      XL: |  1  2  3  4  5  6  7  8  9 10 11 |
---------------+----------------------------------+-----
Shields        | 4 5 6 7 8 10 | 10.2
Armour         | 4 5 6 7 8 10 | 10.2
Fighting       | 4 5 6 7 8 9 10 | 10.2
Axes           | 3 4 5 6 8 10 12 | 12.9
Invocations    | 1 3 4 |  4.1
Throwing       | 3 |  3.8

Action                     |  1- 3 |  4- 6 |  7- 9 | 10-12 || total
---------------------------+-------+-------+-------+-------++-------
  Melee: War axe           |    91 |   116 |   283 |    68 ||   558
         Headbutt          |    11 |    13 |    61 |    12 ||    97
  Throw: Dart              |       |       |     5 |     9 ||    14
 Invoke: Heroism           |       |       |     1 |     2 ||     3
  Evoke: Wand              |       |       |     3 |       ||     3
    Use: Scroll            |       |     1 |    10 |     9 ||    20
         Potion            |       |       |     1 |     7 ||     8
 Armour: Scale mail        |    44 |    50 |   139 |    13 ||   246
         Skin              |       |       |       |    34 ||    34
  Dodge: Dodged            |    28 |    43 |    95 |    17 ||   183
  Block: Buckler           |    15 |    25 |    83 |    46 ||   169

Table legend: (Time is in decaauts)
 A = Elapsed time spent in this place.
 B = Non-inter-level travel time spent in this place.
 C = Inter-level travel time spent in this place.
 D = Time resting spent in this place.
 E = Time spent auto-exploring this place.
 F = Levels seen in this place.
 G = Mean time per level.
                   A        B        C        D        E       F      G
               +--------+--------+--------+--------+--------+-----+--------+
         Total |   9772 |   8975 |    797 |   1661 |   5600 |  11 |  888.4 |
       Dungeon |   8914 |   8184 |    730 |   1466 |   5262 |   8 | 1114.2 |
        Temple |     57 |     46 |     11 |      0 |     40 |   1 |   57.0 |
          Lair |    799 |    743 |     56 |    195 |    298 |   2 |  399.5 |
               +--------+--------+--------+--------+--------+-----+--------+

Top non-repeatable levels by time:
     D:8: 1723 daAuts
     D:4: 1592 daAuts
     D:6: 1197 daAuts
     D:5: 1182 daAuts
     D:3: 888 daAuts
     D:1: 791 daAuts
     D:2: 786 daAuts
     D:7: 752 daAuts
  Lair:1: 660 daAuts
  Lair:2: 139 daAuts
  Temple: 57 daAuts
